 Dungeon Crawl Stone Soup version 0.29.1-1-gd02db6906a (webtiles) character file.

Game seed: 2518868731091478087

39 lonewolfV2 the Trooper (level 3, -4/33 HPs)
             Began as a Hill Orc Fighter on Oct 17, 2022.
             Slain by a gnoll
             ... wielding a +0 halberd
              (8 damage)
             ... on level 2 of the Dungeon.
             The game lasted 00:01:45 (1165 turns).

lonewolfV2 the Trooper (Hill Orc Fighter)           Turns: 1165, Time: 00:01:46

Health: -4/33      AC:  7    Str: 20    XL:     3   Next: 47%
Magic:  3/3        EV:  9    Int:  8    God:
Gold:   30         SH:  4    Dex: 10    Spells: 2/2 levels left

rFire   . . .      SeeInvis .   a - +0 war axe
rCold   . . .      Faith    .   c - +0 buckler
rNeg    . . .      Spirit   .   b - +0 scale mail
rPois   .          Reflect  .   (no helmet)
rElec   .          Harm     .   (no cloak)
rCorr   .          Rampage  .   (no gloves)
Will    .....                   (no boots)
Stlth   ..........              (no amulet)
HPRegen 0.11/turn               (no ring)
MPRegen 0.08/turn               (no ring)

@: mighty
A: no striking features
a: no special abilities


You were on level 2 of the Dungeon.
You visited 1 branch of the dungeon, and saw 2 of its levels.

You collected 30 gold pieces.

Inventory:

Hand Weapons
 a - a +0 war axe (weapon)
Armour
 b - a +0 scale mail (worn)
 c - a +0 buckler (worn)
Jewellery
 g - an amulet of guardian spirit
Scrolls
 e - a scroll of teleportation {unknown}
 f - a scroll of fear {unknown}
 h - a scroll of blinking
 i - a scroll of poison
 j - 3 scrolls of summoning {unknown}
 k - a scroll of identify
 l - a scroll of enchant weapon {unknown}


   Skills:
 + Level 4.1 Fighting
 + Level 3.3 Axes
 + Level 3.7 Armour
 + Level 3.7 Shields


You had 2 spell levels left.
You didn't know any spells.
Your spell library was empty.

Dungeon Overview and Level Annotations

Branches:
Dungeon (2/15)

Altars:


Message History

The bat attacks as you move away! You block the bat's attack.
The bat hits you but does no damage. x2
You block the bat's attack.
Found a stone staircase leading up.
The bat hits you but does no damage.
You barely miss the bat. You block the bat's attack. The bat barely misses you.
You closely miss the bat. You block the bat's attack.
The gnoll hits you from afar with a +0 spear.
You block the bat's attack.
You hit the bat.
You kill the bat!
The gnoll hits you but does no damage.
The gnoll hits you from afar with a +0 spear.
The gnoll closely misses you.
You closely miss the gnoll. The gnoll hits you with a +0 spear.
You closely miss the gnoll. You block the gnoll's attack.
The gnoll barely misses you.
You hit the gnoll.
The gnoll is moderately wounded.
The gnoll hits you with a +0 spear.
You hit the gnoll.
The gnoll is heavily wounded.
You block the gnoll's attack.
You hit the gnoll.
The gnoll is almost dead.
The gnoll hits you with a +0 spear. The gnoll closely misses you.
You hit the gnoll.
You kill the gnoll!
You hit the kobold.
You kill the kobold!
The gnoll hits you with a +0 halberd!
Things that are here:
a +0 dagger; a +0 spear You barely miss the gnoll.
You block the gnoll's attack. The gnoll hits you with a +0 halberd!
* * * LOW HITPOINT WARNING * * *
You barely miss the gnoll. You block the gnoll's attack.
Unknown command.
You feel very mighty all of a sudden. The gnoll hits you with a +0 halberd!
You die...

#.# #.# #.# #.#
#.#
..#####.########
................
########.#######.
.).......gg@...#
.........g####.#
..........# .#
#.###.....# <#
#.###.# ## ..g
#.. ...> ####
.... S...


You could see 3 gnolls.

Vanquished Creatures
  A gnoll (D:2)
  2 ball pythons (D:1)
  5 endoplasms (D:1)
  6 goblins (D:1)
  3 hobgoblins (D:1)
  3 kobolds
  A quokka (D:1)
  2 bats
  2 frilled lizards (D:1)
  2 rats (D:1)
27 creatures vanquished.

Notes
Turn   | Place    | Note
-------+----------+-------------------------------------------
     0 | D:1      | lonewolfV2 the Hill Orc Fighter began the quest for the
                  | Orb.
     0 | D:1      | Reached XP level 1. HP: 19/19 MP: 1/1
   293 | D:1      | Reached XP level 2. HP: 27/27 MP: 2/2
   508 | D:1      | Reached skill level 4 in Fighting
   659 | D:1      | Reached XP level 3. HP: 33/33 MP: 3/3
  1165 | D:2      | Slain by a gnoll

Illustrated notes

Levels and vault maps discovered:
D:1:      dpeg_arrival_round_c, layout_basic, kennysheep_another_room,
          minmay_misc_feat_doors, nicolae_eternal_life
D:2:      layout_basic, shapermc_ecumenical_altar_gd

Skill      XL: |  1  2 |
---------------+-------+-----
Axes           | 3 |  3.3
Fighting       | 4 |  4.1
Armour         | |  3.7
Shields        | |  3.7

Action                   || total
-------------------------++-------
Melee: War axe           ||    75
  Use: Scroll            ||     3
       Potion            ||     1
Armor: Scale mail        ||    42
Dodge: Dodged            ||    45
Block: Buckler           ||    25
